 Dungeon Crawl Stone Soup version 0.31-a0-4-gefa6de2278 (webtiles) character file.

Game seed: 909903291364257229

401 Pimp the Digger (level 6, -6/32 HPs)
             Began as a Gargoyle Earth Elementalist on May 3, 2023.
             Was an Initiate of Makhleb.
             Mangled by Edmund
             ... wielding a +1 flail of holy wrath
              (10 damage)
             ... on level 5 of the Dungeon.
             The game lasted 00:13:03 (3227 turns).

Pimp the Digger (Gargoyle Earth Elementalist)       Turns: 3227, Time: 00:13:04

Health: -6/32      AC:  9    Str: 11    XL:     6   Next: 85%
Magic:  6/10       EV: 12    Int: 18    God:    Makhleb [......]
Gold:   179        SH:  0    Dex: 10    Spells: 10/11 levels left

rFire   . . .        g - +4 spear (chaos)
rCold   . . .        (no shield)
rNeg    + . .        e - +0 leather armour
rPois   ∞            f - +0 helmet
rElec   +            (no cloak)
rCorr   .            h - +0 pair of gloves
SInv    .            (no boots)
Will    .....        (no amulet)
Stlth   ++           (no ring)
HPRegen 0.25/turn    (no ring)
MPRegen 0.12/turn

%: no passive effects
@: no status effects
A: sickness immunity, AC +4, negative energy resistance 1, electricity
resistance, torment resistance 1, petrification resistance
a: Renounce Religion


You were on level 5 of the Dungeon.
You worshipped Makhleb.
Makhleb was noncommittal.
You visited 2 branches of the dungeon, and saw 6 of its levels.

You collected 179 gold pieces.

Inventory:

Hand Weapons
 d - a +1 hand axe
 g - a +4 spear of chaos (weapon)
Armour
 a - a +0 robe
 e - a +0 leather armour (worn)
 f - a +0 helmet (worn)
 h - a +0 pair of gloves (worn)
Scrolls
 b - 2 scrolls of identify
 c - a scroll of fog


   Skills:
 + Level 1.2 Polearms
 + Level 2.8 Dodging
 + Level 4.1 Stealth
 + Level 3.2 Spellcasting
 + Level 2.4 Transmutations
 + Level 5.0 Earth Magic


You had 10 spell levels left.
You knew the following spells:

 Your Spells              Type           Power      Damage    Failure   Level
a - Sandblast             Erth           40%        2d10      2%          1

Your spell library contained the following spells:

 Spells                   Type           Power      Damage    Failure   Level
 Passwall                 Tmut/Erth      13%        N/A       7%          2
 Stone Arrow              Conj/Erth      22%        3d8       22%         3
 Petrify                  Tmut/Erth      16%        N/A       41%         4


Dungeon Overview and Level Annotations

Branches:
Dungeon (5/15)             Temple (1/1) D:4

Altars:
Cheibriados
Hepliaklqana
Kikubaaqudgha
Makhleb
Nemelex Xobeh
Wu Jian

Annotations:
D:3 1 runed translucent door, Nabski's ghost, weakling TeFE
D:4 3 runed translucent doors, qeuew's ghost, novice GrFi
D:5 Edmund


Innate Abilities, Weirdness & Mutations

You are immune to sickness and miasma.
Your stone body is resilient. (AC +4)
You are immune to poison.
You resist negative energy. (rN+)
You are resistant to electric shocks. (rElec)
You are resistant to unholy torment.
You are immune to petrification.


Message History

Aim: Edmund, wielding a +1 flail of holy wrath and wearing a +0 scale mail (heavily wounded, very poisoned, lightly drained, 85% to hit)
The blast of sand hits Edmund but does no damage.
Edmund is heavily wounded.
Edmund barely misses you. Edmund hits you but does no damage.
Unknown command.
Casting: Sandblast (safe; 2% risk of failure)
Confirm with . or Enter, or press ? or * to list all spells.
Aiming: Sandblast (safe; 2% risk of failure)
Press: ? - help, Shift-Dir - straight line, f/p - Edmund
Aim: Edmund, wielding a +1 flail of holy wrath and wearing a +0 scale mail (heavily wounded, very poisoned, lightly drained, 85% to hit)
The blast of sand hits Edmund but does no damage.
Edmund is heavily wounded.
Edmund hits you with a +1 flail of holy wrath.
Casting: Sandblast (safe; 2% risk of failure)
Confirm with . or Enter, or press ? or * to list all spells.
Aiming: Sandblast (safe; 2% risk of failure)
Press: ? - help, Shift-Dir - straight line, f/p - Edmund
Aim: Edmund, wielding a +1 flail of holy wrath and wearing a +0 scale mail (heavily wounded, very poisoned, lightly drained, 85% to hit)
The blast of sand hits Edmund but does no damage.
Edmund is heavily wounded.
Edmund hits you with a +1 flail of holy wrath.
Edmund hits you with a +1 flail of holy wrath!
* * * LOW HITPOINT WARNING * * *
Unknown command.
Casting: Sandblast (safe; 2% risk of failure)
Confirm with . or Enter, or press ? or * to list all spells.
Aiming: Sandblast (safe; 2% risk of failure)
Press: ? - help, Shift-Dir - straight line, f/p - Edmund
Aim: Edmund, wielding a +1 flail of holy wrath and wearing a +0 scale mail (heavily wounded, poisoned, lightly drained, 85% to hit)
The blast of sand hits Edmund!
Edmund is almost dead.
Edmund hits you with a +1 flail of holy wrath.
* * * LOW HITPOINT WARNING * * *
You hit Edmund.
Edmund suddenly seems more resistant.
Edmund is almost dead.
Edmund misses you.
You hit Edmund.
Edmund is almost dead.
Edmund hits you with a +1 flail of holy wrath!
You die...

... ##.. #...
####...###
#........###
...........##
.....$@.....##
.......@.....##
..............#
............<##
##..........##
###......###
#.##..## #.
#### ..


You could see Edmund (resistant, poisoned, drained).

Vanquished Creatures
  An ogre (D:4)
  A phantom (D:4)
  An orc priest (D:4)
  An orc wizard (D:4)
  5 adders
  3 gnolls (D:3)
  6 worms
  3 dart slugs (D:3)
  6 orcs
  14 ball pythons
  5 endoplasms
  8 goblins
  9 hobgoblins
  8 jackals
  4 kobolds
  2 quokkas
  5 bats
  8 frilled lizards
  2 rats
92 creatures vanquished.

Vanquished Creatures (others)
  21 plants (D:2)
21 creatures vanquished.

Grand Total: 113 creatures vanquished

Notes
Turn   | Place    | Note
-------+----------+-------------------------------------------
     0 | D:1      | Pimp the Gargoyle Earth Elementalist began the quest for
                  | the Orb.
     0 | D:1      | Reached XP level 1. HP: 10/10 MP: 3/3
   191 | D:1      | Reached skill level 1 in Transmutations
   191 | D:1      | Reached XP level 2. HP: 15/15 MP: 3/5
   751 | D:2      | Reached skill level 4 in Earth Magic
   751 | D:2      | Reached XP level 3. HP: 19/19 MP: 4/6
   943 | D:2      | Reached XP level 4. HP: 24/24 MP: 5/7
  1771 | D:3      | Found a runed translucent door.
  1773 | D:3      | Noticed a bullfrog
  1775 | D:3      | Noticed Nabski's ghost (weakling TeFE)
  1786 | D:3      | Reached XP level 5. HP: 14/28 MP: 5/8
  2364 | D:4      | Found an ornate altar of the Wu Jian Council.
  2364 | D:4      | Found a sparkling altar of Nemelex Xobeh.
  2377 | D:4      | Found a runed translucent gate.
  2377 | D:4      | Found a runed translucent gate.
  2381 | D:4      | Found a runed translucent gate.
  2381 | D:4      | Noticed qeuew's ghost (novice GrFi)
  2418 | D:4      | Noticed an ogre
  2448 | D:4      | Killed an ogre
  2449 | D:4      | Reached XP level 6. HP: 32/32 MP: 10/10
  2537 | D:4      | Found a staircase to the Ecumenical Temple.
  2577 | Temple   | Entered the Ecumenical Temple
  2629 | Temple   | Became a worshipper of Makhleb the Destroyer
  2715 | D:4      | Reached skill level 1 in Polearms
  2842 | D:4      | HP: 1/32 [orc wizard/magic dart (4)]
  2846 | D:4      | Reached skill level 5 in Earth Magic
  3207 | D:5      | Entered Level 5 of the Dungeon
  3208 | D:5      | Noticed Edmund
  3227 | D:5      | Mangled by Edmund

Illustrated notes

Levels and vault maps discovered:
D:1:      saegor_arrival_miasma, layout_basic
D:2:      layout_rooms, serial_bayou_lagoon_a
D:3:      minmay_recursive_quarters, layout_basic, ebering_ghost_sewer_d
D:4:      layout_rooms, gammafunk_temple_overflow_wave,
          minmay_temple_entry_waves, biasface_ghost_orc_armoury,
          serial_bayou_pond_b, roderic_roman_lattice
D:5:      layout_cave_pods, uniq_blork_the_orc, uniq_eustachio, uniq_edmund
Temple:   dpeg_five_rooms_temple

Skill      XL: |  1  2  3  4  5  6 |
---------------+-------------------+-----
Transmutations | 1 2 |  2.4
Earth Magic    | 4 5 |  5.0
Dodging        | 2 |  2.8
Stealth        | 3 4 |  4.1
Spellcasting   | 3 |  3.2
Polearms       | 1 |  1.2

Action                     |  1- 3 |  4- 6 || total
---------------------------+-------+-------++-------
  Melee: Hand axe          |    64 |    87 ||   151
         Spear             |       |    58 ||    58
         Punch             |       |     1 ||     1
   Cast: Sandblast         |    24 |    56 ||    80
    Use: Scroll            |     4 |     4 ||     8
         Potion            |       |     5 ||     5
   Stab: Sleeping          |     3 |     6 ||     9
 Armour: Leather armour    |    42 |    78 ||   120
  Dodge: Dodged            |    62 |   136 ||   198

Table legend: (Time is in decaauts)
 A = Elapsed time spent in this place.
 B = Non-inter-level travel time spent in this place.
 C = Inter-level travel time spent in this place.
 D = Time resting spent in this place.
 E = Time spent auto-exploring this place.
 F = Levels seen in this place.
 G = Mean time per level.
                   A        B        C        D        E       F      G
               +--------+--------+--------+--------+--------+-----+--------+
         Total |   3325 |   3150 |    175 |    581 |   1629 |   6 |  554.2 |
       Dungeon |   3239 |   3096 |    143 |    572 |   1601 |   5 |  647.8 |
        Temple |     85 |     53 |     32 |      9 |     28 |   1 |   85.0 |
               +--------+--------+--------+--------+--------+-----+--------+

Top non-repeatable levels by time:
     D:4: 958 daAuts
     D:3: 878 daAuts
     D:1: 758 daAuts
     D:2: 621 daAuts
  Temple: 85 daAuts
     D:5: 22 daAuts
